 Dungeon Crawl Stone Soup version 0.28-a0-662-g1651b1f1e0 (webtiles) character file.

Game seed: 15884484879585139243

585 bande the Chopper (level 7, -5/44 HPs)
             Began as a Gargoyle Fighter on Oct 15, 2021.
             Killed from afar by an orc wizard (6 damage)
             ... with a magic dart
             ... on level 5 of the Dungeon.
             The game lasted 00:11:01 (4410 turns).

bande the Chopper (Gargoyle Fighter)                Turns: 4410, Time: 00:11:02

Health: -5/44      AC: 15    Str: 20    XL:     7   Next: 37%
Magic:  7/7        EV:  9    Int:  9    God:
Gold:   235        SH:  4    Dex: 10    Spells: 6/6 levels left

rFire   . . .      SeeInvis .   a - +1 war axe
rCold   + . .      Faith    .   c - +0 buckler
rNeg    + . .      Spirit   .   b - +0 scale mail
rPois   ∞          Reflect  .   j - +2 hat
rElec   +          Harm     .   e - +0 cloak
rCorr   .          Rampage  .   (no gloves)
Will    .....                   (no boots)
Stlth   ..........              (no amulet)
HPRegen 0.14/turn               h - ring of protection from cold
MPRegen 0.10/turn               (no ring)

@: no status effects
A: sickness immunity, AC +4, negative energy resistance 1, electricity
resistance, torment resistance 1, petrification resistance
a: no special abilities


You were on level 5 of the Dungeon.
You visited 2 branches of the dungeon, and saw 6 of its levels.

You collected 235 gold pieces.

Inventory:

Hand Weapons
 a - a +1 war axe (weapon)
 m - a +0 war axe
 v - a +0 war axe
Armour
 b - a +0 scale mail (worn)
 c - a +0 buckler (worn)
 e - a +0 cloak (worn)
 j - a +2 hat (worn)
 s - a +0 helmet
Jewellery
 h - a ring of protection from cold (left hand)
Wands
 r - a wand of flame (4)
Scrolls
 o - a scroll of teleportation
 q - a scroll of amnesia
Potions
 d - 2 potions of might
 f - 6 potions of curing {unknown}
 g - a potion of degeneration {unknown}
 i - a potion of resistance {unknown}
 k - a potion of heal wounds {unknown}
 l - a potion of brilliance {unknown}
 n - 2 potions of mutation {unknown}
 p - a potion of flight {unknown}
 u - a potion of lignification {unknown}


   Skills:
 + Level 4.6 Fighting
 + Level 5.3 Axes
 + Level 5.0 Armour
 + Level 4.0 Shields
 * Level 1.0 Evocations


You had 6 spell levels left.
You didn't know any spells.
Your spell library contained the following spells:

 Spells                   Type           Power      Damage    Failure   Level
 Slow                     Hex            0%         N/A       86%         2
 Confusing Touch          Hex            0%         N/A       97%         3
 Ignite Poison            Fire/Tmut/Pois 0%         N/A       97%         3
 Mephitic Cloud           Conj/Pois/Air  0%         N/A       97%         3
 Freezing Cloud           Conj/Ice/Air   0%         6-21      100%        5
 Yara's Violent Unravell  Hex/Tmut       0%         3d3       100%        5


Dungeon Overview and Level Annotations

Branches:
Dungeon (5/15)             Temple (1/1) D:4

Altars:
Ashenzari
Cheibriados
Hepliaklqana
Kikubaaqudgha
Nemelex Xobeh
Sif Muna
Trog
Uskayaw
Vehumet
Wu Jian
Xom
Zin
The Shining One

Annotations:
D:5 Blork the orc


Innate Abilities, Weirdness & Mutations

You are immune to sickness and miasma.
Your stone body is resilient. (AC +4)
You are immune to poison.
You resist negative energy. (rN+)
You are resistant to electric shocks. (rElec)
You are resistant to unholy torment.
You are immune to petrification.


Message History

An orc comes into view. It is wielding a +0 falchion.
Blork the orc splashes around in the water.
The orc wizard shouts!
The orc shouts!
Blork the orc closely misses you.
The orc wizard points at you and mumbles some strange words.
The puff of flame hits you.
The orc wizard points at you and mumbles some strange words.
The magic dart hits you but does no damage.
Blork the orc hits you with a +2 mace of protection!
Blork the orc looks satisfied for a moment.
A phantom comes into view.
The orc wizard points at you and mumbles some strange words.
You resist with some effort.
Blork the orc gestures at you while chanting.
The puff of flame hits you! The orc closely misses you.
The orc wizard hits you but does no damage.
Unknown command.
You hit the orc but do no damage. You barely miss Blork the orc.
You slash the orc wizard! You closely miss the orc wizard.
Blork the orc hits you with a +2 mace of protection.
You block the orc wizard's attack. The orc hits you but does no damage.
The orc wizard casts a spell at you. The magic dart hits you!
* * * LOW HITPOINT WARNING * * *
Blork the orc hits you with a +2 mace of protection.
* * * LOW HITPOINT WARNING * * *
The orc wizard points at you and mumbles some strange words.
You resist with some effort.
You hit the orc wizard.
The orc wizard is almost dead.
You miss the orc wizard. You slash the orc!
You kill the orc!
You hit Blork the orc but do no damage.
Blork the orc hits you with a +2 mace of protection.
* * * LOW HITPOINT WARNING * * *
The orc wizard closely misses you.
The orc wizard gestures at you while chanting.
The magic dart hits you.
You die...

#....##...#....# #≈≈#
#..#####...>..###≈≈≈#
##≈≈..≈...≈.≈≈.≈#≈≈≈≈#
#..≈≈≈≈≈≈≈.≈≈≈≈≈≈≈≈≈≈#
..≈≈≈≈≈≈≈≈≈≈≈.≈≈≈≈≈≈≈##.
≈≈≈≈≈≈≈≈≈≈≈≈.≈≈≈≈≈≈≈....
#≈≈.)≈≈≈≈≈≈≈≈≈≈≈§≈≈....#
#≈≈≈≈#≈.........o.≈≈....
#≈≈≈≈####.......@o......
#≈≈≈≈# #.##....)o......
##≈≈≈# ##...........
###≈###.. #.......W....
# #≈# ..# ##...........
######..# ####..........
.####.....#.##..........
..##..# ................
#.....# ......


You could see Blork the orc (fast), a phantom and 2 orc wizards.

Vanquished Creatures
  Eustachio (D:4)
  A bullfrog (D:4)
  3 scorpions
  An iguana (D:4)
  6 adders
  2 worms (D:2)
  A dart slug (D:4)
  5 orcs
  11 endoplasms
  10 giant cockroaches
  9 goblins
  14 hobgoblins
  7 jackals
  4 quokkas
  4 ball pythons
  6 bats
  4 frilled lizards
  7 kobolds
  8 rats
104 creatures vanquished.

Notes
Turn   | Place    | Note
-------+----------+-------------------------------------------
     0 | D:1      | bande the Gargoyle Fighter began the quest for the Orb.
     0 | D:1      | Reached XP level 1. HP: 14/14 MP: 1/1
   132 | D:1      | Reached XP level 2. HP: 19/19 MP: 2/2
   429 | D:1      | Reached XP level 3. HP: 21/23 MP: 3/3
   942 | D:2      | Reached XP level 4. HP: 29/29 MP: 4/4
  1496 | D:2      | Found a faded altar of an unknown god.
  1893 | D:3      | Noticed a scorpion
  1902 | D:3      | Killed a scorpion
  1903 | D:3      | Reached XP level 5. HP: 30/33 MP: 5/5
  2582 | D:4      | Found an ornate altar of the Wu Jian Council.
  2651 | D:4      | Noticed Eustachio
  2668 | D:4      | Found a staircase to the Ecumenical Temple.
  2683 | Temple   | Entered the Ecumenical Temple
  3048 | D:4      | Killed Eustachio
  3049 | D:4      | Reached XP level 6. HP: 16/38 MP: 6/6
  3442 | D:4      | Reached skill level 5 in Axes
  3531 | D:4      | Reached XP level 7. HP: 43/44 MP: 7/7
  3592 | D:4      | Reached skill level 5 in Armour
  4073 | D:5      | Entered Level 5 of the Dungeon
  4268 | D:5      | Reached skill level 1 in Evocations
  4401 | D:5      | Noticed Blork the orc
  4410 | D:5      | HP: 1/44 [Blork the orc (6)]
  4410 | D:5      | Killed from afar by an orc wizard

Illustrated notes

Levels and vault maps discovered:
D:1:      dpeg_arrival_tiny_k, layout_basic, item_on_display_b
D:2:      layout_basic, basic_ecumenical_altar, serial_aquarium,
          aquarium_bridge_straight [aquarium_subvault_bridge,
          aquarium_subvault_balcony, aquarium_subvault_bridge,
          aquarium_subvault_wall], aquarium_bridge_long_joined
          [aquarium_subvault_bridge, aquarium_subvault_bridge,
          aquarium_subvault_wall, aquarium_subvault_wall,
          aquarium_subvault_wall, aquarium_subvault_bridge], aquarium_window_1,
          aquarium_window_corner, aquarium_window_1, aquarium_view_2d,
          aquarium_view_2c, aquarium_balcony_3b, aquarium_pool_four,
          minmay_pentomino_pile
D:3:      layout_basic
D:4:      minmay_spotlight, layout_cave_pools, mainiacjoe_overflow_boulevard,
          minmay_temple_entry_ruins, uniq_eustachio
D:5:      layout_cave_pools, nicolae_yredelemnul_ghost_church,
          mainiacjoe_overflow_cross_hatched, chequers_serial_rivers_large_a,
          uniq_blork_the_orc
Temple:   minmay_temple_bridge_abc

Skill      XL: |  1  2  3  4  5  6  7 |
---------------+----------------------+-----
Axes           | 2 3 4 5 |  5.3
Fighting       | 4 |  4.6
Armour         | 4 5 |  5.0
Shields        | 4 |  4.0
Evocations     | 1 |  1.0

Action                   |  1- 3 |  4- 6 |  7- 9 || total
-------------------------+-------+-------+-------++-------
Melee: War axe           |   109 |   175 |    43 ||   327
  Use: Scroll            |     1 |     4 |     3 ||     8
Armor: Scale mail        |    78 |   120 |    24 ||   222
Dodge: Dodged            |    68 |    94 |    15 ||   177
Block: Buckler           |    23 |    33 |    10 ||    66

Table legend: (Time is in decaauts)
 A = Elapsed time spent in this place.
 B = Non-inter-level travel time spent in this place.
 C = Inter-level travel time spent in this place.
 D = Time resting spent in this place.
 E = Time spent auto-exploring this place.
 F = Levels seen in this place.
 G = Mean time per level.
                   A        B        C        D        E       F      G
               +--------+--------+--------+--------+--------+-----+--------+
         Total |   4529 |   4529 |      0 |    565 |   2737 |   6 |  754.8 |
       Dungeon |   4180 |   4180 |      0 |    276 |   2737 |   5 |  836.0 |
        Temple |    348 |    348 |      0 |    289 |      0 |   1 |  348.0 |
               +--------+--------+--------+--------+--------+-----+--------+

Top non-repeatable levels by time:
     D:4: 1235 daAuts
     D:3: 946 daAuts
     D:2: 935 daAuts
     D:1: 849 daAuts
  Temple: 348 daAuts
     D:5: 213 daAuts
